 Dungeon Crawl Stone Soup version 0.27-a0-1200-g94dc6ad4cf (webtiles) character file.

Game seed: 11583573033257843969

186 Feb132020 the Magician (level 5, 0/24 HPs)
             Began as a Spriggan Conjurer on May 31, 2021.
             Was an Initiate of Vehumet.
             Succumbed to a gnoll's poison
             ... on level 4 of the Dungeon.
             The game lasted 00:16:21 (3837 turns).

Feb132020 the Magician (Spriggan Conjurer)          Turns: 3837, Time: 00:16:21

Health: 0/24       AC:  2    Str:  4    XL:     5   Next: 38%
Magic:  1/13       EV: 18    Int: 19    God:    Vehumet [......]
Gold:   113        SH:  0    Dex: 20    Spells: 8/14 levels left

rFire    + . .     SeeInvis +   d - +0 dagger
rCold    . . .     Faith    .   (shield restricted)
rNeg     . . .     Spirit   .   a - +0 robe
rPois    .         Reflect  .   (helmet restricted)
rElec    .         Harm     .   (no cloak)
rCorr    .         Rampage  .   (gloves unavailable)
Will     .....                  (boots unavailable)
Stlth    +++.......             (no amulet)
HPRegen  0.08/turn              j - ring of protection from fire
MPRegen  0.13/turn              p - +6 ring of dexterity

@: lethally poisoned (0 -> -15), flying, very quick
A: very small, no large weapons, unfitting armour, see invisible, speed 3
a: Renounce Religion


You were on level 4 of the Dungeon.
You worshipped Vehumet.
Vehumet was noncommittal.
You visited 1 branch of the dungeon, and saw 4 of its levels.

You collected 113 gold pieces.

Inventory:

Hand Weapons
 d - a +0 dagger (weapon)
Armour
 a - a +0 robe (worn)
Jewellery
 j - a ring of protection from fire (left hand)
 p - a +6 ring of dexterity (right hand)
Scrolls
 b - a scroll of fear
 e - a scroll of silence
 i - a scroll of amnesia
 k - a scroll of fog {unknown}
 n - a scroll of immolation {unknown}
 o - a scroll of teleportation {unknown}
Potions
 c - a potion of curing {unknown}
 f - a potion of invisibility {unknown}
 g - 2 potions of brilliance {unknown}
 h - a potion of heal wounds {unknown}
 l - 2 potions of berserk rage
 m - a potion of flight


   Skills:
 + Level 0.1 Fighting
 + Level 0.1 Short Blades
 + Level 3.1 Dodging
 + Level 3.9 Stealth
 * Level 5.0 Spellcasting
 + Level 3.6 Conjurations
 * Level 1.8 Hexes


You had 8 spell levels left.
You knew the following spells:

 Your Spells              Type           Power      Damage    Failure   Level
a - Magic Dart            Conj           72%        1d6       2%          1
b - Searing Ray           Conj           36%        3d4       4%          2
c - Dazzling Flash        Conj/Hex       30%        N/A       12%         3

Your spell library contained the following spells:

 Spells                   Type           Power      Damage    Failure   Level
 Animate Skeleton         Necr           8%         N/A       12%         1
 Pain                     Necr           16%        1d4       12%         1
 Vampiric Draining        Necr           2%         2d6       36%         3
 Fulminant Prism          Conj/Hex       7%         3d7       36%         4
 Iskenderun's Mystic Bla  Conj/Tloc      11%        2d4       50%         4
 Animate Dead             Necr           2%         N/A       77%         4
 Agony                    Necr           4%         N/A       98%         5


Dungeon Overview and Level Annotations

Branches:
Dungeon (4/15)
 Temple: D:4-7

Altars:
Vehumet
Xom


Innate Abilities, Weirdness & Mutations

You are very small and have problems with some larger weapons.
You are too small for most types of armour.
You have supernaturally acute eyesight. (SInv)
You cover ground extremely quickly. (Speed+++)


Message History

Unknown command.
Unknown command.
Unknown command.
Unknown command.
Casting: Magic Dart (safe; 2% risk of failure)
Confirm with . or Enter, or press ? or * to list all spells.
Aiming: Magic Dart (safe; 2% risk of failure)
Press: ? - help, Shift-Dir - straight line, f/p - gnoll
Aim: a gnoll, wielding a +2 spear of venom and quivering 2 throwing nets (moderately wounded, 100% to hit)
The magic dart hits the gnoll.
The gnoll is heavily wounded.
Unknown command.
Unknown command.
Unknown command.
Casting: Magic Dart (safe; 2% risk of failure)
Confirm with . or Enter, or press ? or * to list all spells.
Aiming: Magic Dart (safe; 2% risk of failure)
Press: ? - help, Shift-Dir - straight line, f/p - gnoll
Aim: a gnoll, wielding a +2 spear of venom and quivering 2 throwing nets (heavily wounded, 100% to hit)
The magic dart hits the gnoll.
The gnoll is heavily wounded.
The gnoll throws a throwing net.
The throwing net hits you.
You become entangled in the net!
You struggle against the net.
You tear a large gash into the net.
The gnoll hits you from afar with a +2 spear of venom.
You are poisoned.
You rip the net and break free!
You feel very sick.
The gnoll hits you from afar with a +2 spear of venom.
You are lethally poisoned!
You feel very sick.
* * * LOW HITPOINT WARNING * * *
You feel very sick.
* * * LOW HITPOINT WARNING * * *
You feel sick.
It was a potion of flight.
You feel very buoyant.
You fly up into the air.
You die...

#######
###########.....#
#.........#...<.#
..#.........#...@.#
..#.........#.....#
..#.........#.....#
..#.........#.....#
..#.........#..g..#
..#.........#.)...#
..##...##'###.....#
#'##...#.....######
..)....#.....#


You could see a gnoll.

Vanquished Creatures
  A gnoll shaman (D:4)
  5 gnolls
  2 adders
  2 worms (D:2)
  4 dart slugs
  3 orcs (D:3)
  3 bats
  3 endoplasms
  3 giant cockroaches (D:1)
  6 goblins
  8 hobgoblins
  6 jackals
  2 quokkas
  7 ball pythons
  4 frilled lizards
  8 kobolds
  4 rats
71 creatures vanquished.

Vanquished Creatures (others)
  8 plants (D:2)
8 creatures vanquished.

Grand Total: 79 creatures vanquished

Notes
Turn   | Place    | Note
-------+----------+-------------------------------------------
     0 | D:1      | Feb132020 the Spriggan Conjurer began the quest for the
                  | Orb.
     0 | D:1      | Reached XP level 1. HP: 9/9 MP: 5/5
   295 | D:1      | Reached XP level 2. HP: 13/13 MP: 6/6
   530 | D:1      | You fall into a shaft and drop 1 floor!
   780 | D:1      | Reached skill level 3 in Spellcasting
   845 | D:1      | Found a faded altar of an unknown god.
   910 | D:1      | Learned a level 2 spell: Searing Ray
  1016 | D:1      | Reached XP level 3. HP: 15/16 MP: 4/8
  1859 | D:2      | Reached XP level 4. HP: 17/21 MP: 10/10
  2523 | D:2      | Learned a level 3 spell: Dazzling Flash
  2835 | D:3      | Found a large runed translucent door.
  2842 | D:3      | Found a large runed translucent door.
  2842 | D:3      | Found a shimmering altar of Xom.
  2922 | D:3      | Found a shimmering altar of Xom.
  3101 | D:3      | Found a radiant altar of Vehumet.
  3117 | D:3      | Became a worshipper of Vehumet
  3189 | D:3      | Reached skill level 4 in Spellcasting
  3411 | D:3      | Reached skill level 1 in Hexes
  3715 | D:4      | Reached XP level 5. HP: 24/24 MP: 7/12
  3777 | D:4      | Reached skill level 5 in Spellcasting
  3837 | D:4      | Succumbed to a gnoll's poison

Illustrated notes

Levels and vault maps discovered:
D:1:      scummos_arrival_checkerplants, layout_basic,
          ebering_ecumenical_altar_mist
D:2:      layout_loops_cross, serial_forest, infiniplex_forest_clump_small,
          infiniplex_forest_side_room, infiniplex_forest_zigzag_1,
          infiniplex_forest_clump_large, infiniplex_forest_clump_medium,
          infiniplex_forest_end_3
D:3:      due_chaos_kobolds, layout_loops_ring, lemuel_round_altar,
          fiery_altar_vehumet, chequers_mini_garden
D:4:      black_bear_nest_2, layout_gridville, nicolae_ru_path_of_blood,
          serial_shops, shop, uniq_duvessa

Skill      XL: |  1  2  3  4  5 |
---------------+----------------+-----
Conjurations   | 3 |  3.6
Dodging        | 3 |  3.1
Spellcasting   | 3 4 5 |  5.0
Hexes          | 1 |  1.8
Fighting       | |  0.1
Short Blades   | |  0.1
Stealth        | |  3.9

Action                   |  1- 3 |  4- 6 || total
-------------------------+-------+-------++-------
Melee: Dagger            |    24 |    23 ||    47
 Cast: Magic Dart        |    82 |    29 ||   111
       Searing Ray       |     2 |    12 ||    14
  Use: Scroll            |     3 |     2 ||     5
       Potion            |       |     1 ||     1
 Stab: Sleeping          |     8 |     4 ||    12
       Distracted        |     1 |     1 ||     2
Armor: Robe              |     2 |     1 ||     3
Dodge: Dodged            |    22 |    14 ||    36

Table legend: (Time is in decaauts)
 A = Elapsed time spent in this place.
 B = Non-inter-level travel time spent in this place.
 C = Inter-level travel time spent in this place.
 D = Time resting spent in this place.
 E = Time spent auto-exploring this place.
 F = Levels seen in this place.
 G = Mean time per level.
                   A        B        C        D        E       F      G
               +--------+--------+--------+--------+--------+-----+--------+
         Total |   2970 |   2901 |     69 |      0 |   2488 |   4 |  742.5 |
       Dungeon |   2970 |   2901 |     69 |      0 |   2488 |   4 |  742.5 |
               +--------+--------+--------+--------+--------+-----+--------+

Top non-repeatable levels by time:
     D:1: 1036 daAuts
     D:2: 1006 daAuts
     D:3: 800 daAuts
     D:4: 127 daAuts
